Map: Orbital Shipyard

Players

MajeStic - Winner!

  • Race: Protoss Protoss
  • League: Grandmaster

LiquidBunny (Bunny)

  • Race: Terran Terran
  • League: Grandmaster

Event: DreamHack ROCCAT LotV Championship

VOD

Have the link to the VOD?

Description

Time

  • Played on: Nov. 26, 2015, 12:10 p.m.
  • Length: 15:52

All games in this series

Show
View Real Time Build Order
Export as new Build Order

MajeStic Protoss - Winner!

Build Orders: 1 Gate Expand, Blink Stalkers 

Get SALT Encoding   

  12  0:00  Probe (Chrono Boost)  
  13  0:11  Probe (Chrono Boost)  
  14  0:17  Pylon  
  14  0:22  Probe (Chrono Boost)  
  16  0:36  Probe (Chrono Boost), Gateway  
  16  0:46  Probe (Chrono Boost)  
  16  0:47  Assimilator  
  17  0:57  Probe (Chrono Boost)  
  18  1:07  Probe (Chrono Boost)  
  19  1:18  Probe (Chrono Boost)  
  20  1:21  Nexus  
  20  1:30  Cybernetics Core  
  20  1:35  Probe (Chrono Boost)  
  21  1:40  Assimilator  
  21  1:45  Pylon  
  21  1:48  Probe (Chrono Boost)  
  22  1:59  Probe (Chrono Boost)  
  23  2:10  Mothership Core (Chrono Boost)  
  23  2:11  Stalker  
  27  2:24  Warp Gate  
  27  2:28  Probe (Chrono Boost)  
  28  2:33  Probe (Chrono Boost)  
  29  2:39  Probe (Chrono Boost)  
  29  2:41  Twilight Council  
  31  2:44  Probe (Chrono Boost)  
  31  2:49  Probe (Chrono Boost)  
  31  2:50  Stalker  
  33  2:54  Probe (Chrono Boost)  
  34  3:00  Probe (Chrono Boost)  
  34  3:05  Probe (Chrono Boost)  
  36  3:06  Gateway  
  36  3:10  Probe (Chrono Boost)  
  36  3:11  Gateway  
  37  3:15  Probe (Chrono Boost)  
  37  3:17  Blink  
  38  3:21  Probe (Chrono Boost)  
  38  3:26  Probe (Chrono Boost)  
  40  3:31  Probe (Chrono Boost)  
  40  3:32  Pylon  
  41  3:37  Probe (Chrono Boost)  
  42  3:43  Robotics Facility  
  42  3:44  Probe (Chrono Boost)  
  42  3:47  Probe (Chrono Boost)  
  44  3:50  Assimilator  
  44  3:51  Assimilator  
  44  3:55  Probe (Chrono Boost)  
  45  3:58  Probe (Chrono Boost)  
  45  4:01  Pylon  
  46  4:05  Probe (Chrono Boost)  
  46  4:08  Probe (Chrono Boost)  
  48  4:17  Probe (Chrono Boost)  
  48  4:19  Probe (Chrono Boost)  
  50  4:24  Nexus  
  50  4:28  Probe (Chrono Boost)  
  50  4:31  Observer (Chrono Boost)  
  52  4:33  Stalker, Probe  
  52  4:34  Stalker  
  52  4:38  Pylon  
  57  4:43  Stalker  
  59  4:47  Probe x2  
  59  4:50  Observer (Chrono Boost)  
  62  4:55  Pylon  
  62  4:57  Forge  
  62  5:04  Probe x2  
  64  5:09  Pylon  
  64  5:10  Observer (Chrono Boost)  
  64  5:14  Sentry x2  
  67  5:15  Sentry  
  67  5:17  Pylon  
  67  5:20  Probe x2  
  73  5:25  Gateway x2  
  73  5:30  Protoss Ground Weapons Level 1 (Chrono Boost)  
  73  5:31  Observer (Chrono Boost)  
  73  5:34  Probe x2  
  75  5:45  Probe  
  75  5:46  Probe x2  
  75  5:49  Warp Prism (Chrono Boost)  
  80  5:54  Stalker x2  
  80  5:55  Probe  
  84  5:57  Stalker  
  84  5:58  Probe x2  
  89  6:06  Probe  
  89  6:08  Robotics Bay  
  90  6:12  Robotics Facility  
  90  6:15  Probe  
  90  6:16  Resonating Glaives  
  90  6:18  Probe, Assimilator  
  92  6:19  Pylon  
  92  6:23  Assimilator  
  92  6:27  Gateway  
  92  6:28  Gateway  
  92  6:29  Pylon  
  92  6:32  Probe  
  92  6:37  Adept x3  
  99  6:40  Adept  
  101  6:47  Stalker  
  101  6:52  Pylon  
  104  6:59  Colossus (Chrono Boost)  
  104  7:02  Stalker x3  
  104  7:04  Colossus (Chrono Boost)  
  121  7:25  Adept x3  
  121  7:26  Adept x2  
  121  7:27  Protoss Ground Weapons Level 2 (Chrono Boost)  
  127  7:33  Probe  
  128  7:39  Extended Thermal Lance, Pylon  
  128  7:41  Pylon  
  122  7:45  Colossus  
  122  7:57  Nexus  
  128  7:59  Pylon  
  128  8:01  Pylon  
  128  8:03  Colossus  
  128  8:11  Pylon  
  128  8:12  Adept x4  
  142  8:16  Stalker  
  144  8:28  Nexus  
  144  8:31  Pylon  
  142  8:37  Stalker x4  
  150  8:48  Stalker x3  
  148  8:56  Colossus  
  119  9:10  Stalker  
  119  9:11  Stalker x4  
  119  9:12  Probe x2  
  119  9:13  Probe, Assimilator  
  124  9:18  Warp Prism  
  124  9:29  Stalker  
  124  9:30  Stalker  
  128  9:36  Protoss Ground Weapons Level 3 (Chrono Boost)  
  128  9:37  Adept x4  
  136  9:46  Assimilator  
  136  9:48  Assimilator  
  136  9:55  Colossus  
  136  9:57  Colossus  
  132  10:05  Probe  
  132  10:06  Probe x3  
  142  10:23  Adept  
  142  10:24  Adept x5  
  154  10:41  Colossus  
  154  10:43  Pylon  
  154  10:45  Pylon  
  160  10:53  Templar Archives  
  160  10:59  Colossus  
  160  11:00  Sentry  
  160  11:02  Pylon  
  162  11:04  Nexus  
  168  11:13  Gravitic Drive  
  167  11:27  Probe x3  
  167  11:28  Colossus  
  167  11:31  Adept  
  167  11:32  Adept x5  
  184  11:51  Colossus  
  184  11:52  Protoss Ground Armor Level 1 (Chrono Boost)  
  176  11:59  Stargate  
  182  12:03  Stalker x3  
  174  12:08  Stalker  
  176  12:18  Stalker x2  
  177  12:40  High Templar x2  
  177  12:41  High Templar x3  
  185  12:45  Nexus, High Templar  
  185  12:48  Pylon, Archon x2  
  185  12:50  Pylon  
  183  12:59  Colossus  
  183  13:01  Adept  
  181  13:15  Stalker x3, Archon  
  181  13:19  High Templar x2  
  189  13:23  Archon  
  189  13:25  Stalker  
  189  13:26  Stalker  
  193  13:31  Protoss Ground Armor Level 2 (Chrono Boost)  
  189  13:43  Stalker x2  
  189  13:45  Stalker  
  191  13:51  Assimilator  
  191  13:58  Assimilator  
  191  14:01  Psionic Storm  
  191  14:08  Stalker  
  191  14:09  Stalker  
  191  14:31  Stalker x3  
  187  14:39  Stalker x2  
  187  14:40  Stalker x2  
  195  14:59  Adept x3  
  197  15:05  Pylon  
  189  15:13  Adept x4  
  172  15:28  Stalker x3  
  174  15:36  Probe  
  174  15:38  High Templar x4  
Show
View Real Time Build Order
Export as new Build Order

LiquidBunny Terran 

Build Orders: Reaper Expand, MMM Bio 

Get SALT Encoding   

  12  0:00  SCV  
  13  0:13  SCV  
  14  0:18  Supply Depot  
  14  0:25  SCV  
  15  0:40  SCV  
  15  0:42  Barracks  
  16  0:45  Refinery  
  16  0:52  SCV  
  17  1:04  SCV  
  18  1:16  SCV  
  19  1:28  Orbital Command  
  19  1:29  Reaper  
  20  1:39  Command Center  
  20  1:45  Refinery  
  21  1:54  SCV  
  21  1:56  Supply Depot  
  22  2:06  SCV  
  22  2:09  Factory  
  23  2:17  Barracks Tech Lab  
  23  2:18  SCV  
  23  2:30  SCV  
  24  2:42  SCV  
  25  2:52  Command Center  
  25  2:53  Orbital Command  
  25  2:54  SCV  
  26  3:01  Cyclone  
  29  3:06  SCV  
  29  3:08  Barracks Reactor  
  30  3:18  SCV  
  30  3:19  SCV  
  32  3:31  SCV x2  
  34  3:37  Cyclone  
  34  3:38  Barracks  
  34  3:40  Barracks  
  37  3:43  SCV x2  
  37  3:45  Marine x2  
  41  3:49  Supply Depot  
  41  3:55  SCV x2  
  43  4:07  SCV  
  43  4:08  Orbital Command  
  43  4:09  SCV  
  44  4:10  Marine x2  
  44  4:16  Cyclone, Engineering Bay  
  49  4:19  SCV  
  49  4:21  Refinery  
  49  4:22  SCV  
  49  4:23  Refinery  
  51  4:26  Barracks Tech Lab  
  51  4:30  Barracks Tech Lab, Marine  
  52  4:31  SCV  
  52  4:32  Marine  
  52  4:33  SCV  
  52  4:38  SCV  
  56  4:43  Terran Infantry Weapons Level 1, SCV  
  56  4:45  SCV, Marine  
  58  4:48  Marine  
  58  4:49  Stimpack  
  58  4:50  SCV  
  61  4:54  Supply Depot  
  61  4:55  SCV  
  61  4:57  Supply Depot  
  61  4:59  SCV  
  63  5:02  Starport  
  63  5:03  SCV  
  63  5:05  Orbital Command  
  63  5:06  Marine  
  63  5:07  Marine  
  65  5:08  Factory Reactor  
  65  5:10  SCV  
  65  5:12  Combat Shields  
  67  5:15  Marauder  
  67  5:19  Marauder  
  71  5:26  Marine x2  
  71  5:28  SCV, Barracks  
  73  5:29  Barracks  
  73  5:32  SCV  
  73  5:33  SCV  
  76  5:41  SCV  
  77  5:44  SCV  
  77  5:46  SCV  
  79  5:50  Supply Depot  
  79  5:53  SCV  
  79  5:54  Medivac x2  
  79  5:55  Supply Depot  
  79  5:56  SCV, Refinery x2  
  85  6:00  Supply Depot  
  85  6:11  Marine x2  
  85  6:12  SCV x2, Marauder  
  85  6:13  Starport  
  85  6:14  Liberator  
  85  6:16  Barracks Tech Lab  
  85  6:17  Fusion Core  
  92  6:18  SCV  
  92  6:19  Barracks Reactor  
  92  6:21  Marine  
  92  6:22  Liberator  
  92  6:24  SCV x2  
  95  6:27  Supply Depot, Factory Tech Lab  
  99  6:32  SCV  
  99  6:36  SCV  
  99  6:37  Supply Depot  
  103  6:41  SCV  
  103  6:45  SCV  
  105  6:48  Supply Depot x2, SCV  
  105  6:50  Liberator  
  105  6:51  Terran Infantry Armor Level 1  
  106  6:54  SCV  
  106  6:57  Supply Depot, Marauder, Marine x2  
  111  7:02  Marauder, Marine x2  
  111  7:04  Advanced Ballistics  
  118  7:11  Liberator x2  
  118  7:13  SCV, Marauder  
  118  7:15  Marine x2  
  123  7:22  SCV  
  123  7:23  Marauder, Marine  
  123  7:26  Marauder, Marine  
  135  7:32  Marine  
  135  7:33  Marine, Liberator  
  135  7:36  Supply Depot  
  137  7:37  Supply Depot  
  137  7:39  Armory  
  137  7:43  Marine x2  
  137  7:44  Marine  
  140  7:45  Marauder  
  145  7:54  Liberator x2  
  145  8:01  Marine x3  
  145  8:02  Command Center, Supply Depot, Marauder  
  147  8:09  Marine  
  154  8:15  Liberator  
  154  8:16  Marauder, Marine  
  154  8:24  Concussive Shells  
  154  8:25  Marine x2  
  154  8:26  Marauder  
  163  8:34  Marauder  
  163  8:37  Liberator  
  160  8:44  Marine  
  160  8:45  Marauder, Marine x2, Liberator  
  160  8:47  Marauder  
  166  8:58  Liberator  
  150  9:03  Marauder, Marine x2  
  150  9:06  Marauder, Marine  
  150  9:09  Marauder, Marine  
  127  9:19  Liberator  
  127  9:21  Marine x2  
  127  9:24  Marine  
  128  9:25  Marauder  
  128  9:27  Liberator, Marine  
  128  9:28  Marauder  
  128  9:31  Marauder  
  133  9:32  Planetary Fortress  
  136  9:38  Marine x2  
  136  9:42  Marine  
  136  9:44  Liberator  
  136  9:45  Marine  
  143  9:46  Terran Infantry Weapons Level 2, Marauder  
  143  9:49  Marauder  
  143  9:52  Marine  
  148  9:56  Marine x2  
  148  9:59  Marine  
  144  10:02  Marine, Liberator  
  144  10:06  Refinery  
  149  10:07  Marine  
  149  10:08  Refinery  
  149  10:10  Liberator, Marine, Marauder  
  149  10:13  Supply Depot, Terran Vehicle And Ship Armor Level 1  
  153  10:14  Marine x2  
  153  10:17  Marine  
  159  10:23  Marine  
  159  10:25  Marauder  
  159  10:27  Liberator  
  165  10:28  Marauder  
  165  10:31  Marine  
  165  10:45  Liberator  
  165  10:49  Marine x2  
  169  10:50  Marauder, Marine  
  169  10:51  Supply Depot  
  169  10:53  Liberator  
  169  10:54  Marine x2  
  169  10:55  Marauder  
  177  10:59  Barracks  
  177  11:03  Barracks  
  180  11:07  Marine x3  
  180  11:10  Liberator  
  185  11:11  Marauder  
  187  11:23  Marine x2  
  187  11:24  Marauder  
  187  11:25  Marine x3  
  187  11:28  Liberator  
  180  11:33  Marauder  
  180  11:36  Liberator  
  180  11:37  SCV  
  177  11:41  Marine  
  177  11:42  Marauder  
  177  11:43  Marine  
  178  11:52  Barracks Tech Lab x2  
  178  11:53  Liberator  
  174  12:07  Marine  
  174  12:08  Marauder, Marine x3  
  174  12:09  Marine, Marauder  
  174  12:11  SCV x2, Liberator  
  177  12:19  Liberator  
  177  12:25  Marine x2  
  177  12:27  Marauder  
  177  12:29  Marine  
  187  12:30  Marine, Marauder  
  187  12:31  Marauder  
  187  12:36  Liberator  
  193  12:44  Marauder, Marine  
  191  12:53  Liberator  
  188  13:01  Liberator  
  178  13:21  Marine  
  178  13:22  Marauder x4, Marine x3  
  178  13:24  Marauder  
  189  13:30  Command Center  
  189  13:35  Medivac  
  189  13:36  Liberator  
  189  13:39  Marine  
  181  13:45  Marine x2  
  181  13:46  Marauder x2  
  177  14:03  Marauder, Marine  
  177  14:05  Viking x2  
  181  14:18  Liberator  
  181  14:28  Liberator  
  166  14:34  Marauder, Marine x3  
  166  14:35  Marauder x2  
  159  14:46  Marine  
  159  14:47  Marauder x2  
  159  14:52  Marine  
  165  15:01  Marine x2  
  165  15:02  Marauder  
  154  15:21  Medivac x2  
  131  15:23  Marine  
  131  15:24  Marauder x2, Marine x2  
  131  15:25  Marauder  
  126  15:32  Marine x2  

Tags
 
Add a new tag
Caveats
  • Supply blocks, unpowered buildings, or Contaminate may cause inaccurate times.
  • Supply counts are checked every 10 seconds.